 Dungeon Crawl Stone Soup version 0.27-a0-1228-gfd60fd639a (webtiles) character file.

Game seed: 10806708162782098384

2 ZappyNine the Chucker (level 1, -2/22 HPs)
             Began as an Ogre Hunter on June 7, 2021.
             Slain by a hobgoblin (4 damage)
             ... on level 1 of the Dungeon.
             The game lasted 00:00:38 (113 turns).

ZappyNine the Chucker (Ogre Hunter)                  Turns: 113, Time: 00:00:39

Health: -2/22      AC:  3    Str: 15    XL:     1   Next: 40%
Magic:  1/1        EV:  9    Int: 12    God:
Gold:   0          SH:  0    Dex:  9    Spells: 0/0 levels left

rFire    . . .     SeeInvis .   e - +0 club
rCold    . . .     Faith    .   (no shield)
rNeg     . . .     Spirit   .   b - +0 robe
rPois    .         Reflect  .   (helmet restricted)
rElec    .         Harm     .   (no cloak)
rCorr    .         Rampage  .   (gloves unavailable)
Will     .....                  (boots unavailable)
Stlth    +.........             (no amulet)
HPRegen  0.07/turn              (no ring)
MPRegen  0.07/turn              (no ring)

@: no status effects
A: large, unfitting armour, tough skin 1
a: no special abilities


You were on level 1 of the Dungeon.
You visited 1 branch of the dungeon, and saw 1 of its levels.

Inventory:

Hand Weapons
 e - a +0 club (weapon)
Missiles
 c - 2 large rocks (quivered)
 d - 2 throwing nets
Armour
 b - a +0 robe (worn)


   Skills:
 + Level 2.8 Fighting
 + Level 0.2 Maces & Flails
 + Level 4.0 Throwing
 - Level 1.7 Dodging
 - Level 0.6 Stealth


You couldn't memorise any spells.
You didn't know any spells.
Your spell library was empty.

Dungeon Overview and Level Annotations

Branches:
Dungeon (1/15)

Altars:


Innate Abilities, Weirdness & Mutations

You are too large for most types of armour.
You have tough skin. (AC +1)


Message History

You kill the frilled lizard!
The kobold throws a stone.
The stone hits you but does no damage.
Throw: 5 large rocks
Press: ? - help, Q - select action, (/) - cycle Shift-Dir - straight line, f - kobold
Aim: a kobold, wielding a +0 dagger and quivering stones (50% to hit)
You throw a large rock.
The large rock barely misses the kobold.
The hobgoblin hits you.
* * * LOW HITPOINT WARNING * * *
Unknown command.
Unknown command.
Throw: 4 large rocks
Press: ? - help, Q - select action, (/) - cycle Shift-Dir - straight line, f/p - kobold
Aim: a kobold, wielding a +0 dagger and quivering stones (50% to hit)
You throw a large rock.
The large rock closely misses the hobgoblin.
The large rock closely misses the kobold.
The hobgoblin hits you.
* * * LOW HITPOINT WARNING * * *
The hobgoblin hits you.
* * * LOW HITPOINT WARNING * * *
Unknown command.
Unknown command.
Throw: 3 large rocks
Press: ? - help, Q - select action, (/) - cycle Shift-Dir - straight line, f/p - kobold
Aim: a kobold, wielding a +0 dagger and quivering stones (50% to hit)
You throw a large rock. The large rock hits the hobgoblin.
The hobgoblin is heavily wounded.
The hobgoblin hits you but does no damage. x2
Unknown command.
Unknown command.
You hit the hobgoblin.
The hobgoblin is severely wounded.
The hobgoblin hits you.
* * * LOW HITPOINT WARNING * * *
Unknown command.
You hit the hobgoblin but do no damage.
The hobgoblin is severely wounded.
The hobgoblin hits you.
You die...

#########.......##
###....#...........#
#..#....##....8....#
#...##.###.........#
#...#(...##.......##
#.###...##..###...###
.#..########.# #####
.........[##.#
....(....Kg@.#
..##.#########


You could see a hobgoblin and a kobold.

Vanquished Creatures
  A ball python (D:1)
  A frilled lizard (D:1)
  A rat (D:1)
3 creatures vanquished.

Notes
Turn   | Place    | Note
-------+----------+-------------------------------------------
     0 | D:1      | ZappyNine the Ogre Hunter began the quest for the Orb.
     0 | D:1      | Reached XP level 1. HP: 22/22 MP: 1/1
   113 | D:1      | Slain by a hobgoblin

Illustrated notes

Levels and vault maps discovered:
D:1:      dpeg_arrival_three_same_balls, layout_basic, serial_shops, shop,
          minmay_shallow_snake_nest

Action                   || total
-------------------------++-------
Melee: Club              ||     8
       Short sword       ||     1
Throw: Large rock        ||     3
Armor: Robe              ||     6
Dodge: Dodged            ||     3

Table legend: (Time is in decaauts)
 A = Elapsed time spent in this place.
 B = Non-inter-level travel time spent in this place.
 C = Inter-level travel time spent in this place.
 D = Time resting spent in this place.
 E = Time spent auto-exploring this place.
 F = Levels seen in this place.
 G = Mean time per level.
                   A        B        C        D        E       F      G
               +--------+--------+--------+--------+--------+-----+--------+
         Total |    116 |     97 |     19 |      0 |     67 |   1 |  116.0 |
       Dungeon |    116 |     97 |     19 |      0 |     67 |   1 |  116.0 |
               +--------+--------+--------+--------+--------+-----+--------+

Top non-repeatable levels by time:
     D:1: 116 daAuts
